 Dungeon Crawl Stone Soup version 0.30.1-11-g7821555f0a (webtiles) character file.

Game seed: 18138603324271543292

2839 Martska the Fighter (level 10, -11/86 HPs)
             Began as a Human Fighter on Dec 1, 2023.
             Was a Believer of Okawaru.
             Mangled by a fenstrider witch zombie (15 damage)
             ... on level 2 of the Abyss.
             The game lasted 00:22:13 (7830 turns).

Martska the Fighter (Human Fighter)                 Turns: 7830, Time: 00:22:13

Health: -11/86     AC:  9    Str: 26    XL:     10   Next: 3%
Magic:  10/11      EV: 17    Int:  8    God:    Okawaru [**....]
Gold:   262        SH: 11    Dex: 14    Spells: 9/9 levels left

rFire   . . .        m - +2 mace (protect)
rCold   . . .        c - +0 buckler
rNeg    . . .        C - +0 steam dragon scales
rPois   .            (no helmet)
rElec   .            k - +0 cloak
rCorr   .            (no gloves)
SInv    .            u - +0 pair of boots
Will    .....        q - amulet of reflection
Stlth   ++++         y - ring of flight
HPRegen 0.34/turn    D - +6 ring of strength
MPRegen 0.12/turn

%: reflection
@: heroic, attractive, flying
A: no striking features
a: Renounce Religion, Heroism


You were on level 2 of the Abyss.
You worshipped Okawaru.
Okawaru was pleased with you.
You visited 2 branches of the dungeon, and saw 8 of its levels.
You visited the Abyss 1 time.

You collected 262 gold pieces.

Inventory:

Hand Weapons
 a - a +0 trident
 f - a +3 mace
 g - a +0 dagger of speed
 m - a +2 mace of protection (weapon)
Missiles
 e - a throwing net
Armour
 b - a +0 scale mail
 c - a +0 buckler (worn)
 k - a +0 cloak (worn)
 u - a +0 pair of boots (worn)
 C - +0 steam dragon scales (worn)
Jewellery
 n - an amulet of guardian spirit
 q - an amulet of reflection (around neck)
 y - a ring of flight (left hand)
 D - a +6 ring of strength (right hand)
Wands
 A - a wand of mindburst (26)
Scrolls
 d - 3 scrolls of poison
 h - a scroll of silence {unknown}
 j - 3 scrolls of immolation
 r - 2 scrolls of magic mapping (quivered)
 w - a scroll of amnesia {unknown}
 z - a scroll of noise {unknown}
 B - 2 scrolls of enchant weapon {unknown}
Potions
 i - a potion of flight
 l - 2 potions of degeneration {unknown}
 o - 2 potions of curing {unknown}
 p - a potion of mutation {unknown}
 s - a potion of resistance
 t - a potion of cancellation {unknown}
 v - 3 potions of attraction
 x - a potion of heal wounds {unknown}


   Skills:
 * Level 10.5(15.5) Fighting
 - Level 2.0(7.0) Polearms
 - Level 3.2(8.2) Armour
 - Level 6.0(11.0) Dodging
 - Level 3.0(8.0) Stealth
 * Level 4.7(9.7) Shields
 + Level 2.5 Invocations


You had 9 spell levels left.
You didn't know any spells.
Your spell library contained the following spells:

 Spells                   Type           Power      Damage    Failure   Level
 Sting                    Tmut/Pois      0%         1d3       43%         1
 Poisonous Vapours        Pois/Air       0%         N/A       58%         2
 Olgreb's Toxic Radiance  Pois           0%         N/A       99%         4


Dungeon Overview and Level Annotations

Branches:
Dungeon (7/15)             Temple (1/1) D:4

Altars:
Ashenzari
Cheibriados
Dithmenos
Fedhas
Hepliaklqana
Kikubaaqudgha
Makhleb
Okawaru
Qazlal
Ru
Sif Muna
Trog
Uskayaw
Wu Jian
Xom
Yredelemnul
Zin
The Shining One

Annotations:
D:6 Maggie


Message History

You hit the fenstrider witch zombie.
The fenstrider witch zombie is lightly damaged.
The fenstrider witch zombie hits you! The fenstrider witch zombie misses you.
You gain the combat prowess of a mighty hero.
The fenstrider witch zombie closely misses you.
The fenstrider witch zombie kicks you but does no damage.
You hit the fenstrider witch zombie.
The fenstrider witch zombie is lightly damaged.
The fenstrider witch zombie hits you!
* * * LOW HITPOINT WARNING * * *
The fenstrider witch zombie barely misses you.
The fenstrider witch zombie hits you but does no damage.
The fenstrider witch zombie barely misses you.
You thump the fenstrider witch zombie!
The fenstrider witch zombie is lightly damaged.
The fenstrider witch zombie completely misses you.
The fenstrider witch zombie closely misses you.
You closely miss the fenstrider witch zombie.
The fenstrider witch zombie is lightly damaged.
You block the fenstrider witch zombie's attack.
The fenstrider witch zombie kicks you!
* * * LOW HITPOINT WARNING * * *
You feel more buoyant. The fenstrider witch zombie misses you.
You block the fenstrider witch zombie's attack.
It was a potion of attraction.
You feel attractive to monsters.
The fenstrider witch zombie hits you but does no damage.
The fenstrider witch zombie kicks you but does no damage.
You block the fenstrider witch zombie's attack.
The fenstrider witch zombie kicks you!
* * * LOW HITPOINT WARNING * * *
The fenstrider witch zombie attacks as you move away!
The fenstrider witch zombie hits you but does no damage.
The fenstrider witch zombie completely misses you.
The fenstrider witch zombie attacks as you move away!
You block the fenstrider witch zombie's attack. x2
The fenstrider witch zombie attacks as you move away!
The fenstrider witch zombie hits you!
You die...

## .####
#.#.###..
. #
#@.....#
#.#
#Z##.#..#
... #.#
#... #.#
#.#
#..####.#
.
#.......#
.#
##.######
. # ###.


You could see a fenstrider witch zombie.

Vanquished Creatures
  The ghost of bimbombam the Cutter, a novice DsGl (D:6)
  A centaur skeleton (Abyss:2)
  Grinder (D:4)
  Eustachio (D:3)
  A steam dragon (D:6)
  Menkaure (D:5)
  A water moccasin (D:6)
  Edmund (D:5)
  Duvessa (D:5)
  Pargi (D:3)
  An ice beast (D:6)
  A sky beast (D:6)
  An ogre (D:4)
  A centaur (D:7)
  A bullfrog (D:6)
  2 scorpions
  Dowan (D:5)
  A jelly (D:5)
  2 hounds
  2 iguanas
  Jessica (D:2)
  Natasha (twice) (D:4)
  11 orc wizards
  3 gnolls (D:3)
  8 adders
  An ufetubus (D:6)
  A worm (D:3)
  4 dart slugs
  19 orcs
  4 ball pythons
  10 bats
  8 endoplasms
  3 giant cockroaches
  11 goblins
  4 hobgoblins
  4 jackals (D:2)
  4 kobolds
  3 quokkas
  6 frilled lizards
  9 rats
139 creatures vanquished.

Notes
Turn   | Place    | Note
-------+----------+-------------------------------------------
     0 | D:1      | Martska the Human Fighter began the quest for the Orb.
     0 | D:1      | Reached XP level 1. HP: 18/18 MP: 1/1
   104 | D:1      | Reached skill level 1 in Dodging
   104 | D:1      | Reached XP level 2. HP: 22/24 MP: 2/2
   111 | D:1      | Found a faded altar of an unknown god.
   462 | D:1      | Reached XP level 3. HP: 25/29 MP: 3/3
  1035 | D:2      | Noticed Jessica
  1043 | D:2      | Killed Jessica
  1044 | D:2      | Reached skill level 4 in Fighting
  1044 | D:2      | Reached XP level 4. HP: 22/37 MP: 4/4
  1403 | D:2      | Reached XP level 5. HP: 20/42 MP: 5/5
  2379 | D:3      | Found a shadowy altar of Dithmenos.
  2415 | D:3      | Noticed Pargi
  2433 | D:3      | Killed Pargi
  2434 | D:3      | Reached skill level 5 in Fighting
  2434 | D:3      | Reached XP level 6. HP: 25/51 MP: 6/6
  3085 | D:4      | Found a staircase to the Ecumenical Temple.
  3107 | D:4      | Noticed Natasha
  3139 | D:4      | Killed Natasha
  3386 | D:4      | Noticed an ogre
  3386 | D:4      | Noticed Natasha
  3415 | D:5      | Entered Level 5 of the Dungeon
  3415 | D:5      | Noticed Duvessa
  3415 | D:5      | Noticed Dowan
  3415 | D:5      | Noticed Grinder
  3564 | D:4      | Reached XP level 7. HP: 56/56 MP: 7/7
  3747 | D:4      | Noticed Eustachio
  3830 | D:3      | Killed Eustachio
  3831 | D:3      | Reached skill level 6 in Fighting
  3831 | D:3      | Reached skill level 5 in Dodging
  4122 | D:4      | Killed Natasha
  4532 | D:4      | Paralysed by Grinder for 2 turns
  4547 | D:4      | Paralysed by Grinder for 3 turns
  4552 | D:4      | Killed Grinder
  4553 | D:4      | Reached XP level 8. HP: 10/65 MP: 8/8
  4942 | D:5      | Found a hazy altar of Hepliaklqana.
  4983 | D:5      | Noticed Edmund
  5008 | D:5      | Killed Edmund
  5009 | D:5      | Reached skill level 7 in Fighting
  5009 | D:5      | Reached skill level 1 in Stealth
  5258 | Temple   | Entered the Ecumenical Temple
  5334 | Temple   | Became a worshipper of Warmaster Okawaru
  5976 | D:6      | Found a bloodstained altar of Trog.
  6116 | D:5      | Killed Duvessa
  6117 | D:5      | Reached skill level 8 in Fighting
  6399 | D:5      | Killed Dowan
  6399 | D:5      | Reached * piety under Okawaru
  6400 | D:5      | Reached XP level 9. HP: 55/75 MP: 7/9
  6530 | D:5      | Found a glowing silver altar of Zin.
  6553 | D:5      | Found an ornate altar of the Wu Jian Council.
  6755 | D:5      | Noticed Menkaure
  6763 | D:5      | Killed Menkaure
  6764 | D:5      | Reached skill level 9 in Fighting
  7142 | D:6      | Reached ** piety under Okawaru
  7143 | D:6      | Reached skill level 10 in Fighting
  7266 | D:6      | Found a runed translucent gate.
  7266 | D:6      | Found a runed translucent gate.
  7266 | D:6      | Found a runed translucent gate.
  7270 | D:6      | Noticed bimbombam's ghost (novice DsGl)
  7292 | D:6      | Killed bimbombam's ghost
  7293 | D:6      | Reached skill level 1 in Invocations
  7699 | D:6      | Noticed Maggie
  7707 | Abyss:2  | Found a corrupted altar of Lugonu.
  7707 | Abyss:2  | Cast into level 2 of the Abyss (Maggie)
  7814 | Abyss:2  | Reached XP level 10. HP: 71/86 MP: 11/11
  7823 | Abyss:2  | HP: 2/86 [fenstrider witch zombie (10)]
  7830 | Abyss:2  | Mangled by a fenstrider witch zombie

Illustrated notes

Levels and vault maps discovered:
D:1:      amcnicky_arrival_blooded_trapdoor, layout_loops_cross,
          hellmonk_ecumenical_altar_prayer_group
D:2:      layout_basic, grunt_ministairs_7, uniq_jessica
D:3:      minmay_spotlight, layout_rooms, mainiacjoe_overflow_24_doors,
          uniq_pargi
D:4:      layout_basic, minmay_temple_entry_antechambers, enter_ossuary_2,
          uniq_eustachio, uniq_natasha
D:5:      layout_rooms, mainiacjoe_overflow_surrounded_room,
          nicolae_overflow_squiral, uniq_duvessa, uniq_grinder, uniq_edmund,
          uniq_menkaure
D:6:      minmay_flawed_box, layout_basic, lightli_temple_of_fire,
          kennysheep_mini, ebering_ghost_rock_garden, uniq_maggie
D:7:      layout_loops_corners
Temple:   compressed_dpeg_circular_temple
Abyss:2:  base: D:1, hangedman_relentless_pull

Skill      XL: |  1  2  3  4  5  6  7  8  9 |
---------------+----------------------------+-----
Dodging        | 1 2 4 5 6 |  6.0
Fighting       | 4 5 6 8 10 | 10.5
Stealth        | 3 |  3.0
Invocations    | 2 |  2.5
Shields        | 4 |  4.7
Polearms       | |  2.0
Armour         | |  3.2

Action                     |  1- 3 |  4- 6 |  7- 9 | 10-12 || total
---------------------------+-------+-------+-------+-------++-------
  Melee: Trident           |    24 |       |       |       ||    24
         Dagger            |    75 |       |       |       ||    75
         Mace              |    17 |   218 |   463 |     7 ||   705
  Throw: Throwing net      |       |       |     1 |       ||     1
 Invoke: Heroism           |       |       |       |     1 ||     1
  Evoke: Wand              |       |       |     6 |       ||     6
    Use: Scroll            |       |     6 |     4 |       ||    10
         Potion            |       |     1 |     2 |     2 ||     5
   Stab: Sleeping          |       |       |     1 |       ||     1
 Armour: Scale mail        |    54 |   173 |   286 |       ||   513
         Steam dragon scal |       |       |    63 |     6 ||    69
  Dodge: Dodged            |    65 |   154 |   284 |     8 ||   511
  Block: Buckler           |    26 |    73 |   184 |    10 ||   293
         Reflection        |       |       |     2 |       ||     2
